 Dungeon Crawl Stone Soup version 0.20-a0-1062-g7b787ac (webtiles) character file.

22619 JeffiDaFish the Basher (level 13, -18/80 HPs)
             Began as a Gargoyle Fighter on Apr 27, 2017.
             Was the Champion of Okawaru.
             Demolished by a white ugly thing (32 damage)
             ... in an ice cave.
             The game lasted 00:24:56 (11861 turns).

JeffiDaFish the Basher (Gargoyle Fighter)          Turns: 11861, Time: 00:24:56

Health: -18/80     AC: 42    Str: 23    XL:     13   Next: 1%
Magic:  13/13      EV:  8    Int:  9    God:    Okawaru [******]
Gold:   241        SH: 19    Dex: 15    Spells: 12/12 levels left

rFire    . . .     SeeInvis .   x - +4 morningstar (protect)
rCold    . . .     Gourm    .   b - +0 large shield
rNeg     + . .     Faith    .   r - +0 chain mail
rPois    ∞         Spirit   .   q - +2 helmet of the Harp {rElec rPois Dex+2 Stlth+}
rElec    +         Reflect  .   l - +0 cloak
rCorr    .         Harm     .   z - +2 pair of gloves
MR       .....                  (no boots)
Stlth    ..........             (no amulet)
Regen    0.3/turn               e - +4 ring of protection
MPRegen  0.2/turn               s - +3 ring of protection

@: protection aura
A: talons 1, negative energy resistance 1, electricity resistance, strong 1,
unbreathing, petrification resistance, rot immunity, subdued magic 1, MP-powered
wands, AC +9
a: Heroism, Finesse, Renounce Religion


You were in an ice cave.
You worshipped Okawaru.
Okawaru was exalted by your worship.
You were not hungry.

You visited 3 branches of the dungeon, and saw 14 of its levels.
You also visited: Ice Cave.

You collected 759 gold pieces.
You spent 518 gold pieces at shops.

Inventory:

Hand Weapons
 x - a +4 morningstar of protection (weapon)
Armour
 b - a +0 large shield (worn)
 l - a +0 cloak (worn)
 q - the +2 helmet of the Harp (worn) {rElec rPois Dex+2 Stlth+}
   (Okawaru gifted it to you on level 10 of the Dungeon)

   It affects your dexterity (+2).
   It insulates you from electricity.
   It protects you from poison.
   It makes you more stealthy.
 r - a +0 chain mail (worn)
 z - a +2 pair of gloves (worn)
Jewellery
 c - an uncursed ring of protection from cold
 e - a +4 ring of protection (left hand)
 s - a +3 ring of protection (right hand)
Scrolls
 g - 6 scrolls of identify
 i - 4 scrolls of teleportation
 k - 5 scrolls of remove curse
 m - 2 scrolls of fog
 t - 2 scrolls of magic mapping
 v - a scroll of holy word
 w - 2 scrolls of blinking
Potions
 j - 9 potions of curing
 n - a potion of invisibility {unknown}
 o - a potion of flight
 p - a potion of might
 A - a potion of ambrosia {unknown}
Comestibles
 a - 5 meat rations
 d - 14 chunks of flesh
 f - 4 bread rations
 h - 6 fruits


   Skills:
 + Level 9.3 Fighting
 + Level 13.1 Maces & Flails
 + Level 9.3 Armour
 + Level 4.1 Dodging
 + Level 1.7 Stealth
 + Level 12.6 Shields


You had 12 spell levels left.
You didn't know any spells.

Dungeon Overview and Level Annotations

Branches:
Dungeon (10/15)            Temple (1/1) D:4            Lair (3/6) D:10
 Spider (0/4) Lair:3          Orc (0/2) D:9
  Swamp: Lair:2-4    Shoals: Lair:2-4

Altars:
Ashenzari
Cheibriados
Dithmenos
Elyvilon
Fedhas
Gozag
Hepliaklqana
Kikubaaqudgha
Makhleb
Nemelex Xobeh
Okawaru
Qazlal
Ru
Sif Muna
Trog
Uskayaw
Vehumet
Wu Jian
Xom
Yredelemnul
Zin
The Shining One

Shops:
D:5 :   D:8 ?[*((   D:10 ?

Annotations:
D:5 Duvessa
Lair:2 exclusion: 4 oklob plants IceCv exclusion: 2 ice statues


Innate Abilities, Weirdness & Mutations

You are resistant to torment.
Your stone body is resilient. (AC +9)
You are immune to poison.
You resist negative energy. (rN+)
You are resistant to electric shocks. (rElec)
You can survive without breathing.
You are immune to petrification.
You are immune to rotting.
You have sharp toenails.
Your muscles are strong. (Str +2)
Your spells are a little easier to cast, but a little less powerful.
You expend magic power (3 MP) to strengthen your wands.


Message History

* * * LOW HITPOINT WARNING * * *
You block the ice beast's attack.
You feel much better. You block the ice beast's attack. x2
The white ugly thing trunk-slaps you but does no damage.
The ice beast completely misses you. The ice statue gestures at you.
The bolt of cold hits the ice beast.
The ice beast completely resists.
The bolt of cold hits you!
* * * LOW HITPOINT WARNING * * *
You puncture the white ugly thing! Your kick misses the white ugly thing.
The white ugly thing is severely wounded.
You block the ice beast's attack.
The ice beast hits you but does no damage.
The white ugly thing trunk-slaps you but does no damage.
You hit the white ugly thing.
The white ugly thing is severely wounded.
You block the ice beast's attack. x2; The white ugly thing trunk-slaps you.
* * * LOW HITPOINT WARNING * * *
The white ugly thing freezes you!!
You die...

###########
##...?.$...##
#...8.}.8...#
##....$.!....##
#......$......#
#....8...8....#
#...YY........#
##..@Y.......#
#..Yu.......#
#...........#
##.........##
##...∩...##
##.....##
#######


You could see 2 ice statues, a white ugly thing and 4 ice beasts.

Vanquished Creatures
  Fannar (Lair:2)
  Josephine (D:10)
  3 hydras
  The ghost of DocEon the Nimble, a journeyman GnWz of Ashenzari (D:10)
  A two-headed ogre (D:10)
  An unseen horror (D:10)
  Pikel (D:5)
  An ugly thing (IceCv)
  2 black mambas (Lair:2)
  The ghost of lordive the Cleaver, a novice HOFi (D:4)
  10 spiny frogs
  2 komodo dragons
  4 trolls
  The ghost of lordive the Chopper, an amateur HOFi (D:3)
  Grinder (D:5)
  3 blink frogs (Lair:2)
  5 hippogriffs
  Sigmund (D:5)
  13 yaks
  3 redbacks (Lair:3)
  A wyvern (Lair:3)
  2 basilisks
  6 wraiths (D:10)
  A hungry ghost (D:9)
  11 porcupines
  3 water moccasins
  A black bear (Lair:1)
  4 phantoms
  7 ice beasts
  2 ogres
  4 crocodiles (Lair:2)
  6 bullfrogs
  A gnoll sergeant (D:10)
  Blork the orc (D:5)
  2 wyvern skeletons
  2 scorpions
  Dowan (D:5)
  A water moccasin skeleton (D:8)
  10 killer bees (D:9)
  3 howler monkeys
  2 electric eels (Lair:1)
  2 crimson imps
  A jelly (D:10)
  2 quasits
  3 hounds
  3 orc priests
  A bullfrog skeleton (D:6)
  6 orc wizards
  A centaur skeleton (D:9)
  Crazy Yiuf (D:2)
  Jessica (D:3)
  3 iguanas
  3 worker ants
  A hound zombie (D:6)
  A hound skeleton (D:8)
  4 worker ant zombies
  Robin (D:2)
  12 gnolls
  9 adders
  3 oozes
  2 worms
  3 dart slugs (D:1)
  A leopard gecko (D:6)
  31 orcs
  4 giant cockroaches
  12 hobgoblins
  4 jackals
  4 quokkas
  2 ball pythons
  8 bats
  3 frilled lizards
  12 goblins
  A jackal skeleton (D:4)
  9 kobolds
  A leopard gecko zombie (D:5)
  10 rats
292 creatures vanquished.

Vanquished Creatures (others)
  2 slaves (D:5)
  An ice beast (D:5)
  A fungus (Lair:3)
  A plant (Lair:2)
5 creatures vanquished.

Grand Total: 297 creatures vanquished

Notes
Turn   | Place    | Note
-------+----------+-------------------------------------------
     0 | D:1      | JeffiDaFish the Gargoyle Fighter began the quest for the Orb.
     0 | D:1      | Reached XP level 1. HP: 14/14 MP: 1/1
    51 | D:1      | Reached XP level 2. HP: 19/19 MP: 2/2
   444 | D:1      | Reached XP level 3. HP: 16/23 MP: 3/3
   737 | D:1      | Found a shattered altar of Ashenzari.
  1019 | D:2      | Reached skill level 3 in Maces & Flails
  1026 | D:2      | Reached XP level 4. HP: 4/29 MP: 4/4
  1036 | D:2      | You fall through a shaft!
  1302 | D:3      | Noticed Jessica
  1312 | D:3      | Killed Jessica
  1453 | D:2      | Found a runed door.
  1457 | D:2      | Noticed Crazy Yiuf
  1460 | D:2      | Killed Crazy Yiuf
  1460 | D:2      | Reached XP level 5. HP: 33/33 MP: 5/5
  1658 | D:2      | Noticed Robin
  1670 | D:2      | Killed Robin
  1933 | D:3      | Noticed lordive's ghost (amateur HOFi)
  1955 | D:3      | Killed lordive's ghost
  1955 | D:3      | Reached skill level 4 in Maces & Flails
  1955 | D:3      | Reached skill level 1 in Dodging
  1955 | D:3      | Reached XP level 6. HP: 16/39 MP: 6/6
  2327 | D:3      | Reached skill level 5 in Maces & Flails
  2333 | D:3      | Reached XP level 7. HP: 44/44 MP: 7/7
  2636 | D:3      | Gained mutation: You have sharp toenails. [potion of mutation]
  2636 | D:3      | Gained mutation: Your spells are a little easier to cast, but a little less powerful. [potion of mutation]
  2636 | D:3      | Gained mutation: You expend magic power (3 MP) to strengthen your wands. [potion of mutation]
  2636 | D:3      | Gained mutation: Your muscles are strong. (Str +2) [potion of mutation]
  2984 | D:3      | Found a sparkling altar of Nemelex Xobeh.
  3069 | D:4      | Found a staircase to the Ecumenical Temple.
  3090 | Temple   | Entered the Ecumenical Temple
  3191 | Temple   | Became a worshipper of Warmaster Okawaru
  3363 | D:4      | Noticed lordive's ghost (novice HOFi)
  3434 | D:4      | Killed lordive's ghost
  3434 | D:4      | Reached * piety under Okawaru
  3434 | D:4      | Reached skill level 5 in Fighting
  3434 | D:4      | Reached skill level 6 in Maces & Flails
  3434 | D:4      | Reached skill level 5 in Shields
  3434 | D:4      | Reached XP level 8. HP: 33/49 MP: 8/8
  3950 | D:5      | Entered Level 5 of the Dungeon
  4001 | D:5      | Found a bloodstained altar of Trog.
  4023 | D:5      | Reached skill level 5 in Armour
  4055 | D:5      | Noticed Dowan
  4056 | D:5      | Noticed Duvessa
  4071 | D:5      | Noticed Pikel
  4323 | D:5      | Found Osuohykh's Book Boutique.
  4414 | D:5      | Noticed Blork the orc
  4414 | D:5      | Noticed Grinder
  4431 | D:5      | Killed Blork the orc
  4431 | D:5      | Reached ** piety under Okawaru
  4443 | D:5      | Paralysed by Grinder for 7 turns
  4453 | D:5      | Killed Grinder
  4453 | D:5      | Reached skill level 7 in Maces & Flails
  4708 | D:5      | Noticed Sigmund
  4717 | D:5      | Killed Sigmund
  4779 | D:5      | Killed Pikel
  4779 | D:5      | Reached *** piety under Okawaru
  4779 | D:5      | Reached skill level 8 in Maces & Flails
  4779 | D:5      | Reached skill level 1 in Stealth
  4779 | D:5      | Reached XP level 9. HP: 43/54 MP: 9/9
  4848 | D:5      | Killed Dowan
  5939 | D:6      | You fall through a shaft!
  6477 | D:8      | Found Ingynn's Weapon Boutique.
  6531 | D:8      | Bought a +3 morningstar of protection for 305 gold pieces
  6556 | D:8      | Found Sucekaum's Weapon Shop.
  6636 | D:8      | Found Sarch's Magic Scroll Emporium.
  6739 | D:8      | Found Aloenn's Assorted Antiques.
  6745 | D:8      | Bought a scroll of enchant weapon for 150 gold pieces
  6793 | D:8      | Reached skill level 9 in Maces & Flails
  6918 | D:8      | Found Xunokk Cewo's Armour Boutique.
  7098 | D:9      | Noticed a troll
  7109 | D:9      | Killed a troll
  7109 | D:9      | Reached **** piety under Okawaru
  7242 | D:9      | Found a staircase to the Orcish Mines.
  7252 | D:9      | Reached XP level 10. HP: 44/60 MP: 10/10
  7441 | D:9      | Reached ***** piety under Okawaru
  7441 | D:9      | Reached skill level 10 in Maces & Flails
  7595 | D:9      | Identified the cursed +0 chain mail "Astratuz" {-Tele Str+8 Int+6} (You found it on level 9 of the Dungeon)
  8279 | D:8      | Bought a +0 large shield for 63 gold pieces
  8330 | D:10     | Entered Level 10 of the Dungeon
  8384 | D:10     | Received a gift from Okawaru
  8417 | D:10     | Noticed DocEon's ghost (journeyman GnWz)
  8464 | D:10     | Killed DocEon's ghost
  8464 | D:10     | Reached XP level 11. HP: 57/67 MP: 11/11
  8505 | D:10     | Killed an unseen horror
  8745 | D:10     | Reached skill level 10 in Shields
  8759 | D:10     | Noticed Josephine
  8784 | D:10     | Killed Josephine
  8784 | D:10     | Received a gift from Okawaru
  8784 | D:10     | Reached skill level 11 in Maces & Flails
  8842 | D:10     | Got an encrusted helmet {god gift}
  8853 | D:10     | Identified the +2 helmet of the Harp {rElec rPois Dex+2 Stlth+} (Okawaru gifted it to you on level 10 of the Dungeon)
  8903 | D:10     | Found a staircase to the Lair.
  8947 | D:10     | Found Dim Bore's Magic Scroll Boutique.
  9226 | D:10     | Noticed a two-headed ogre
  9235 | D:10     | Killed a two-headed ogre
  9235 | D:10     | Reached ****** piety under Okawaru
  9413 | Lair:1   | Entered Level 1 of the Lair of Beasts
  9549 | Lair:1   | Noticed a seven-headed hydra
  9559 | Lair:1   | Killed a seven-headed hydra
  9742 | Lair:1   | Reached skill level 12 in Maces & Flails
  9755 | Lair:1   | Reached XP level 12. HP: 52/73 MP: 12/12
 10655 | Lair:2   | Noticed Fannar
 10684 | Lair:2   | Noticed a six-headed hydra
 10689 | Lair:2   | Killed Fannar
 10705 | Lair:2   | Killed a six-headed hydra
 10705 | Lair:2   | Received a gift from Okawaru
 10908 | Lair:2   | Got a twisted morningstar {god gift}
 10909 | Lair:2   | Identified the +4 morningstar "Qeskes" {pain, rElec rPois} (Okawaru gifted it to you on level 2 of the Lair of Beasts)
 11442 | Lair:3   | Noticed an eight-headed hydra
 11456 | Lair:3   | Killed an eight-headed hydra
 11591 | Lair:3   | Found a hole to the Spider Nest.
 11608 | Lair:3   | Received a gift from Okawaru
 11611 | Lair:3   | Got a warped mace {god gift}
 11612 | Lair:3   | Identified the +1 mace of Gloom {speed, rC+ rN+ MP-9 Dex+4} (Okawaru gifted it to you on level 3 of the Lair of Beasts)
 11637 | Lair:3   | Reached skill level 13 in Maces & Flails
 11759 | Lair:3   | Found a frozen archway.
 11782 | IceCv    | Entered an ice cave
 11805 | IceCv    | Reached XP level 13. HP: 80/80 MP: 13/13
 11857 | IceCv    | HP: 4/80 [ice statue/shard of ice (14)]
 11861 | IceCv    | Demolished by a white ugly thing

Vault maps used:
D:1:      dpeg_arrival_rooms_c, ashenzari_altar_1
D:2:      first_bread, uniq_robin, uniq_crazy_yiuf_cottage
D:3:      nemelex_dance_club_becter, uniq_jessica
D:4:      minmay_temple_entry_glass
D:5:      basic_altar, serial_shops, shop, hangedman_decor_points, uniq_pikel,
          uniq_blork_the_orc, uniq_grinder, uniq_duvessa, uniq_sigmund
D:8:      serial_shops, shop, shop, kennysheep_mini_moat, shop_coins,
          nicolae_shop_trees
D:9:      david_orc_3
D:10:     lair_entry_dummy, serial_shops,
          nicolae_shop_temple_entry_statues_fountains, uniq_josephine
Temple:   kilobyte_greek_temple
Lair:1:   serial_bayou_shore_b, infiniplex_staircase_pool, serial_bayou_shore_b,
          serial_bayou_shore_b, grunt_megastairs_3, serial_bayou_shore_a
Lair:2:   minmay_lair_oklob_chamber, grunt_megastairs_4, uniq_fannar
Lair:3:   regret_index_tunnel_blossom, spider_nest_entry_webs,
          portal_ice_cave_entry_pillars_1, uniq_rupert
IceCv:    ice_cave_statue_garden_teleport

Skill      XL: |  1  2  3  4  5  6  7  8  9 10 11 12 |
---------------+-------------------------------------+-----
Maces & Flails | 3 4 5 6 8 9 10 12 13 | 13.1
Shields        | 4 5 6 8 9 11 12 | 12.6
Fighting       | 4 5 6 7 8 9 |  9.3
Armour         | 4 6 7 8 9 |  9.3
Dodging        | 1 2 3 4 |  4.1
Stealth        | 1 |  1.7

Action                   |  1- 3 |  4- 6 |  7- 9 | 10-12 | 13-15 || total
-------------------------+-------+-------+-------+-------+-------++-------
Melee: Flail             |   110 |   142 |   356 |       |       ||   608
       Kick              |       |       |   148 |   234 |    11 ||   393
       Morningstar       |       |       |   142 |   695 |    20 ||   857
       Whip              |       |       |    40 |       |       ||    40
       Mace              |       |       |       |    38 |       ||    38
  Use: Potion            |     4 |       |     4 |     1 |     2 ||    11
       Scroll            |     3 |     4 |     8 |     8 |       ||    23
  Eat: Chunk             |       |     5 |    12 |     8 |       ||    25
       Meat ration       |       |       |     1 |       |       ||     1
       Bread ration      |       |       |       |     2 |       ||     2
       Royal jelly       |       |       |       |     1 |       ||     1
Armor: Scale mail        |    72 |    71 |   132 |       |       ||   275
       Chain mail        |       |       |   188 |   531 |    23 ||   742
Dodge: Dodged            |    29 |    28 |   150 |   187 |     4 ||   398
Block: Shield            |    81 |    67 |   287 |   127 |       ||   562
       Large shield      |       |       |       |   561 |    29 ||   590
